 Dungeon Sprint DCSS version 0.17-a0-1582-ge6b0260 (webtiles) character file.

810 Jb9000 the Blocker (level 7, -15/47 HPs)
             Began as a Gargoyle Fighter on July 27, 2015.
             Killed from afar by a burning bush (17 damage)
             ... with a puff of flame
             ... in the Dungeon (Sprint IV: "Fedhas' Mad Dash").
             The game lasted 00:03:51 (1751 turns).

Jb9000 the Blocker (Gargoyle Fighter)               Turns: 1751, Time: 00:03:53

Health: -15/47     AC:  8    Str: 20    XL:     7   Next: 92%
Magic:  14/14      EV: 11    Int:  8    God:
Gold:   116        SH: 11    Dex: 11    Spells: 0 memorised, 16 levels left

rFire  . . .     SeeInvis .     a - +0 flail
rCold  . . .     Clarity  .     b - +0 scale mail
rNeg   + . .     SustAt   .     c - +0 shield
rPois  ∞         Gourm    .     (no helmet)
rElec  +         Spirit   .     (no cloak)
rCorr  .         Warding  .     (no gloves)
rMut   .         NoTele   +     (no boots)
MR     .....                    (no amulet)
Stlth  ++........               (no ring)
                                n - ring of invisibility

@: corroded equipment, not resistant to hostile enchantments, unstealthy
A: negative energy resistance 1, electricity resistance, unbreathing,
petrification resistance, rot immunity, AC +4
a: Evoke Invisibility


You were in the Dungeon.
You were not hungry.

You visited 1 branch You collected 116 gold pieces.

Inventory:

Hand weapons
 a - a +0 flail (weapon)
Armour
 b - a +0 scale mail (worn)
 c - a +0 shield (worn)
Jewellery
 n - a ring of invisibility (left hand)
Scrolls
 g - a scroll of acquirement {unknown}
 k - a scroll of blinking
Potions
 i - 2 potions of magic
Miscellaneous
 f - a fan of gales (inert)
Comestibles
 d - 3 royal jellies
 e - a bread ration


   Skills:
 + Level 6.6 Fighting
 + Level 4.1 Maces & Flails
 + Level 7.1 Armour
 * Level 5.9 Dodging
 * Level 6.9 Stealth
 * Level 9.3 Shields
 * Level 5.1 Spellcasting
 * Level 4.3 Evocations


You had 16 spell levels left.
You didn't know any spells.

Dungeon Overview and Level Annotations

Branches:
Dungeon (1/1)

Altars:

Annotations:
D exclusion: oklob plant


Innate Abilities, Weirdness & Mutations

You are resistant to torment.
Your stone body is resilient (AC +4).
You are immune to poison.
You resist negative energy.
You are resistant to electric shocks.
You can survive without breathing.
You are immune to petrification.
You are immune to rotting.


Message History

The oklob plant spits acid at you. The splash of acid hits you!
The acid burns!
Really walk into a travel-excluded area?
There is an open door here.
What do you say? t - Shout!
Orders for allies: a - Attack new target. r - Retreat! s - Stop attacking. w - Wait here. f - Follow me.
Anything else - Stay silent.
Gang up on whom?
Press: ? - help, Dir - move target cursor, f - burning bush
Aim: a burning bush Attack!
The oklob plant spits acid at you. The splash of acid hits you!
The acid corrodes you!
The acid burns!
* * * LOW HITPOINT WARNING * * *
The burning bush throws fire at you. The puff of flame hits you!
You die...

##################
#<..P#.....#.....#
#PP..%.(...'.#.[.+
#PPPP#.....#.#...#
###############'##
#...♣........'...#
#......♣.....#...#
#.....♣E.♣..######
##'####@#####
#..#....'......
#..#..###P...P.
####### ######


You could see an oklob plant, a burning bush and a friendly air elemental.

Vanquished Creatures
  A queen bee (D)
  4 killer bees (D)
  A worker ant (D)
  2 oklob saplings (D)
  A river rat (D)
  A rat (D)
10 creatures vanquished.

Vanquished Creatures (collateral kills)
  An oklob plant (D)
  A burning bush (D)
2 creatures vanquished.

Grand Total: 12 creatures vanquished

Notes
Turn   | Place    | Note
--------------------------------------------------------------
     0 | D        | Jb9000 the Gargoyle Fighter began the quest for the Orb.
     0 | D        | Reached XP level 1. HP: 14/14 MP: 1/1
    12 | D        | Reached skill level 1 in Stealth
    12 | D        | Reached skill level 4 in Shields
    12 | D        | Reached XP level 2. HP: 13/20 MP: 1/3
   128 | D        | Noticed an oklob sapling
   130 | D        | Killed an oklob sapling
   130 | D        | Reached skill level 1 in Dodging
   130 | D        | Reached skill level 5 in Shields
   130 | D        | Reached skill level 1 in Spellcasting
   130 | D        | Reached XP level 3. HP: 24/24 MP: 3/5
   153 | D        | Noticed a worker ant
   163 | D        | Killed a worker ant
   163 | D        | Reached XP level 4. HP: 30/30 MP: 5/7
   182 | D        | Noticed an oklob sapling
   191 | D        | Killed an oklob sapling
   387 | D        | Noticed a queen bee
   387 | D        | Noticed a killer bee
   388 | D        | Noticed a killer bee
   388 | D        | Noticed a killer bee
   388 | D        | Noticed a killer bee
   417 | D        | Killed a killer bee
   417 | D        | Reached skill level 5 in Fighting
   417 | D        | Reached skill level 5 in Armour
   417 | D        | Reached skill level 6 in Shields
   417 | D        | Reached skill level 1 in Evocations
   417 | D        | Reached XP level 5. HP: 24/35 MP: 7/9
   423 | D        | Killed a killer bee
   425 | D        | Killed a killer bee
   425 | D        | Reached skill level 7 in Shields
   425 | D        | Reached XP level 6. HP: 23/40 MP: 7/11
   438 | D        | Killed a killer bee
   438 | D        | Reached skill level 5 in Stealth
   456 | D        | Killed a queen bee
   456 | D        | Reached skill level 8 in Shields
   456 | D        | Reached XP level 7. HP: 6/46 MP: 11/13
   752 | D        | Noticed an oklob plant
  1325 | D        | Noticed a burning bush
  1344 | D        | Killed a burning bush
  1344 | D        | Reached skill level 5 in Dodging
  1555 | D        | Killed an oklob plant
  1555 | D        | Reached skill level 9 in Shields
  1555 | D        | Reached skill level 5 in Spellcasting
  1746 | D        | Noticed a burning bush
  1746 | D        | Noticed an oklob plant
  1751 | D        | HP: 2/47 [acid (13)]
  1751 | D        | Killed from afar by a burning bush

Vault maps used:
D:        dungeon_sprint_fedhas

Action                   |  1- 3 |  4- 6 |  7- 9 || total
-------------------------+-------+-------+-------++-------
Melee: Flail             |    16 |    62 |     4 ||    82
Evoke: Fan of gales      |       |       |     3 ||     3
  Use: Potion            |       |     5 |     1 ||     6
  Eat: Meat ration       |       |       |     1 ||     1
